 Dungeon Crawl Stone Soup version 0.26-a0-1205-g4083c211ab (webtiles) character file.

Game seed: 18175502801746509024

93 vvl the Magician (level 4, -2/30 HPs)
             Began as a Demonspawn Hedge Wizard on Dec 30, 2020.
             Was an Initiate of Sif Muna.
             Slain by an orc priest
             ... wielding a +1 flail of protection
              (6 damage)
             ... on level 3 of the Dungeon.
             The game lasted 00:12:05 (2776 turns).

vvl the Magician (Demonspawn Hedge Wizard)          Turns: 2776, Time: 00:12:05

Health: -2/30      AC:  9    Str: 10 (11) XL:     4   Next: 37%
Magic:  3/9        EV: 11    Int: 14 (16) God:    Sif Muna [......]
Gold:   149        SH:  0    Dex: 10 (12) Spells: 6/9 levels left

rFire    + . .     SeeInvis .   a - +0 war axe
rCold    . . .     Faith    .   (no shield)
rNeg     . . .     Spirit   .   e - +0 leather armour
rPois    .         Reflect  .   c - +0 hat
rElec    .         Harm     .   (no cloak)
rCorr    .         Rampage  .   (no gloves)
Will     .....                  (no boots)
Stlth    +.........             (no amulet)
HPRegen  0.10/turn              (no ring)
MPRegen  0.11/turn              (no ring)

@: brilliant, sanguine armour, attractive, hasted, very quick
A: fire resistance 1, spiny 1, sanguine armour 1
a: Renounce Religion


You were on level 3 of the Dungeon.
You worshipped Sif Muna.
Sif Muna was noncommittal.
You visited 1 branch of the dungeon, and saw 3 of its levels.

You collected 149 gold pieces.

Inventory:

Hand Weapons
 a - a +0 war axe (weapon)
 m - a +0 vampiric dagger
Armour
 c - a +0 hat (worn)
 e - a +0 leather armour (worn)
Scrolls
 b - 2 scrolls of remove curse {unknown}
 d - 2 scrolls of teleportation {unknown}
 j - 3 scrolls of identify {unknown}
Potions
 h - a potion of attraction
 k - a potion of resistance {unknown}
 l - a potion of brilliance


   Skills:
 - Level 1.7 Dodging
 - Level 1.7 Stealth
 + Level 3.4 Spellcasting
 - Level 1.0 Conjurations
 - Level 1.0 Summonings
 * Level 2.6 Necromancy
 + Level 1.7 Translocations
 + Level 2.2 Invocations


You had 6 spell levels left.
You knew the following spells:

 Your Spells              Type           Power        Failure   Level
a - Magic Dart            Conj           28%          19%         1
b - Blink                 Tloc           N/A          21%         2

Your spell library contained the following spells:

 Spells                   Type           Power        Failure   Level
 Call Imp                 Summ           7%           28%         2
 Slow                     Hex            3%           38%         2
 Conjure Flame            Conj/Fire      5%           56%         3
 Mephitic Cloud           Conj/Pois/Air  5%           58%         3


Dungeon Overview and Level Annotations

Branches:
Dungeon (3/15)

Altars:
Sif Muna


Innate Abilities, Weirdness & Mutations

Your flesh is heat resistant. (rF+)
You are partially covered in sharp spines.
When seriously injured, your bleeding wounds create armour. (AC +6)


Message History

You feel weakened.
You feel dopey.
You feel clumsy. The orc is struck by your spines.
You kill the orc!
Sif Muna accepts your kill.
It was a potion of haste.
You feel yourself speed up.
The orc priest casts a cantrip, but nothing happens.
You hit the orc priest.
The orc priest is heavily wounded.
The orc priest misses you.
You hit the orc priest.
The orc priest is severely wounded.
The orc priest hits you with a +1 flail of protection.
* * * LOW HITPOINT WARNING * * *
You hit the orc priest but do no damage.
The orc priest is severely wounded.
The orc priest barely misses you.
You hit the orc priest.
The orc priest is almost dead.
The orc priest hits you with a +1 flail of protection.
You die...

#.##.##.#...#....
####.......#...#.##.
#...................
#..............)....
##...........##......
#............###.....
#...)[.).>(###.....
#.#................
#)@o......[........
......"##...###.........
...#... #..## #.........
. #.#.. #..# #........(
#. .#.....# ##........
.. .#.....## #.......# .
.# .. .. #.......# .. ..


You could see an orc priest.

Vanquished Creatures
  4 adders
  An ooze (D:3)
  A worm (D:3)
  A leopard gecko (D:2)
  7 orcs (D:3)
  6 bats
  2 giant cockroaches
  2 goblins
  4 hobgoblins
  9 kobolds
  2 quokkas (D:2)
  3 frilled lizards (D:1)
  2 rats
44 creatures vanquished.

Notes
Turn   | Place    | Note
-------+----------+-------------------------------------------
     0 | D:1      | vvl the Demonspawn Hedge Wizard began the quest for the
                  | Orb.
     0 | D:1      | Reached XP level 1. HP: 13/13 MP: 4/4
   268 | D:1      | Reached skill level 1 in Translocations
   421 | D:1      | Reached skill level 1 in Necromancy
   715 | D:1      | Gained mutation: You are partially covered in sharp spines.
                  | [demonic ancestry]
   715 | D:1      | Reached XP level 2. HP: 19/19 MP: 4/6
   875 | D:1      | Reached skill level 1 in Invocations
  1145 | D:2      | Gained mutation: Your flesh is heat resistant. (rF+)
                  | [demonic ancestry]
  1145 | D:2      | Reached XP level 3. HP: 14/24 MP: 0/7
  1835 | D:2      | Found a shimmering blue altar of Sif Muna.
  1848 | D:2      | Became a worshipper of Sif Muna the Loreminder
  2543 | D:3      | Gained mutation: When seriously injured, your bleeding
                  | wounds create armour. (AC +6) [demonic ancestry]
  2543 | D:3      | Reached XP level 4. HP: 23/30 MP: 3/9
  2683 | D:3      | Learned a level 2 spell: Blink
  2776 | D:3      | Slain by an orc priest

Illustrated notes

Levels and vault maps discovered:
D:1:      zelgadis_glass_arrival_small, layout_rooms
D:2:      layout_rooms, lemuel_round_altar
D:3:      layout_basic, eat_drink_and_be_merry_uskayaw,
          amethyst_overflow_temple_binary,
          chequers_ecumenical_altar_simple_redux, minmay_snake_closets

Skill      XL: |  1  2  3 |
---------------+----------+-----
Translocations | 1 |  1.7
Necromancy     | 1 2 |  2.6
Invocations    | 1 2 |  2.2
Dodging        | |  1.7
Stealth        | |  1.7
Spellcasting   | |  3.4
Conjurations   | |  1.0
Summonings     | |  1.0

Action                   |  1- 3 |  4- 6 || total
-------------------------+-------+-------++-------
Melee: Dagger            |    32 |     6 ||    38
       War axe           |       |    17 ||    17
 Cast: Magic Dart        |    70 |    19 ||    89
  Use: Potion            |     1 |     4 ||     5
 Stab: Sleeping          |     1 |       ||     1
Armor: Leather armour    |    17 |     5 ||    22
       Robe              |     1 |       ||     1
Dodge: Dodged            |    33 |    19 ||    52

Table legend: (Time is in decaauts)
 A = Elapsed time spent in this place.
 B = Non-inter-level travel time spent in this place.
 C = Inter-level travel time spent in this place.
 D = Time resting spent in this place.
 E = Time spent auto-exploring this place.
 F = Levels seen in this place.
 G = Mean time per level.
                   A        B        C        D        E       F      G
               +--------+--------+--------+--------+--------+-----+--------+
         Total |   2788 |   2724 |     64 |    893 |   1507 |   3 |  929.3 |
       Dungeon |   2788 |   2724 |     64 |    893 |   1507 |   3 |  929.3 |
               +--------+--------+--------+--------+--------+-----+--------+

Top non-repeatable levels by time:
     D:1: 1519 daAuts
     D:2: 1022 daAuts
     D:3: 247 daAuts
